 Dungeon Crawl Stone Soup version 0.27-a0-1245-g940ed4fa31 (webtiles) character file.

Game seed: 4538859273970595346

41 siradein the Poker (level 3, -1/19 HPs)
             Began as a Vine Stalker Fighter on June 9, 2021.
             Slain by Natasha (2 damage)
             ... on level 2 of the Dungeon.
             The game lasted 00:01:59 (1430 turns).

siradein the Poker (Vine Stalker Fighter)           Turns: 1430, Time: 00:01:59

Health: -1/19      AC:  6    Str: 18    XL:     3   Next: 52%
Magic:  0/4        EV:  7    Int:  8    God:
Gold:   68         SH:  9    Dex: 14    Spells: 2/2 levels left

rFire    . . .     SeeInvis .   a - +0 trident
rCold    . . .     Faith    .   c - +0 kite shield
rNeg     . . .     Spirit   +   b - +0 scale mail
rPois    .         Reflect  .   (no helmet)
rElec    .         Harm     .   (no cloak)
rCorr    .         Rampage  .   (no gloves)
Will     .....                  (no boots)
Stlth    ..........             (no amulet)
HPRegen  0.06/turn              (no ring)
MPRegen  0.09/turn              (no ring)

@: slowed, very slow
A: fangs 2, magic shield, antimagic bite, no potion heal 2
a: no special abilities


You were on level 2 of the Dungeon.
You visited 1 branch of the dungeon, and saw 2 of its levels.

You collected 68 gold pieces.

Inventory:

Hand Weapons
 a - a +0 trident (weapon)
Missiles
 h - 2 throwing nets (quivered)
Armour
 b - a +0 scale mail (worn)
 c - a +0 kite shield (worn)
Scrolls
 e - a scroll of immolation {unknown}
 j - 2 scrolls of identify {unknown}
 k - a scroll of enchant armour {unknown}
Potions
 d - a potion of might
 f - a potion of degeneration {unknown}
 g - a potion of cancellation {unknown}
 i - a potion of heal wounds {unknown}
 l - a potion of curing {unknown}
 m - a potion of haste {unknown}
 n - 2 potions of flight {unknown}


   Skills:
 - Level 2.6 Fighting
 + Level 3.4 Polearms
 - Level 2.4 Armour
 - Level 2.6 Shields


You had 2 spell levels left.
You didn't know any spells.
Your spell library contained the following spells:

 Spells                   Type           Power      Damage    Failure   Level
 Corona                   Hex            0%         N/A       100%        1
 Ensorcelled Hibernation  Hex/Ice        0%         N/A       100%        2
 Confusing Touch          Hex            0%         N/A       100%        3
 Dazzling Flash           Conj/Hex       0%         N/A       100%        3
 Tukima's Dance           Hex            0%         N/A       100%        3


Dungeon Overview and Level Annotations

Branches:
Dungeon (2/15)

Altars:

Annotations:
D:2 Natasha


Innate Abilities, Weirdness & Mutations

You have extremely sharp teeth.
When hurt, damage is shared between your health and your magic reserves.
Your bite disrupts and absorbs the magic of your enemies.
Potions cannot restore your health.


Message History

Natasha is nearby!
Natasha is nearby!
Natasha is nearby!
Natasha is nearby!
Unknown command.
You start resting.
Natasha is nearby!
You hit Natasha.
Natasha is lightly wounded.
Natasha stares at you and mumbles some strange words.
The magic dart hits you.
You hit Natasha. You bite Natasha, but do no damage.
Natasha is moderately wounded.
Natasha casts a spell at you.
You feel yourself slow down.
Natasha casts a spell.
You closely miss Natasha. You bite Natasha, but do no damage.
Natasha is moderately wounded.
Natasha claws you. Natasha barely misses you.
You puncture Natasha!
Natasha is almost dead.
Natasha claws you.
Natasha wildly gestures.
You feel troubled.
Natasha stares at you and mumbles some strange words.
The magic dart hits you!
* * * LOW HITPOINT WARNING * * *
The crimson imp blinks!
You closely miss Natasha.
Natasha is almost dead.
Natasha mumbles some strange words.
Natasha mumbles some strange words.
Natasha shimmers violently.
Natasha claws you.
* * * LOW HITPOINT WARNING * * *
You completely miss Natasha. You bite Natasha.
Natasha's magic leaks into the air.
You drain her magic.
You feel invigorated.
Natasha is almost dead.
Natasha claws you.
You die...

.. #. #h## #... ####
#..# #..#### #######
#..# #.#.#.####<.....
#..# #...#..#.#######
#..####.#...#...#.####
#...#@÷5..#...#.......
#.#.h.#.#..†#...#.####
#.#.###...#..#.#####..
#.#.###.#.#.#### #.#
#.#..##[.####.######.#
#.##.########.##.....#
#.##'####.....##.#####
#.#...#...###.##.#
#...#.#.# #.##.#


You could see Natasha and a crimson imp (summoned).

Vanquished Creatures
  An adder (D:2)
  2 dart slugs (D:1)
  3 ball pythons (D:1)
  An endoplasm (D:1)
  2 giant cockroaches (D:1)
  2 goblins
  A hobgoblin (D:1)
  2 quokkas (D:2)
  7 bats
  2 kobolds
  5 rats
28 creatures vanquished.

Notes
Turn   | Place    | Note
-------+----------+-------------------------------------------
     0 | D:1      | siradein the Vine Stalker Fighter began the quest for the
                  | Orb.
     0 | D:1      | Reached XP level 1. HP: 11/11 MP: 2/2
    94 | D:1      | Reached skill level 2 in Polearms
   534 | D:1      | Reached XP level 2. HP: 16/16 MP: 3/3
   677 | D:1      | Found a faded altar of an unknown god.
   732 | D:1      | Reached skill level 3 in Polearms
   805 | D:1      | Reached XP level 3. HP: 19/19 MP: 4/4
  1417 | D:2      | Noticed Natasha
  1430 | D:2      | Slain by Natasha

Illustrated notes

Levels and vault maps discovered:
D:1:      dpeg_arrival_tiny_g, layout_basic, ebering_ecumenical_altar_box
D:2:      minmay_spotlight, layout_basic, serial_aquarium,
          aquarium_bridge_straight [aquarium_subvault_bridge,
          aquarium_subvault_balcony, aquarium_subvault_bridge,
          aquarium_subvault_window], aquarium_window_1, aquarium_window_1,
          aquarium_view_2a, aquarium_pool_2, uniq_natasha

Skill      XL: |  1  2 |
---------------+-------+-----
Polearms       | 2 3 |  3.4
Fighting       | |  2.6
Armour         | |  2.4
Shields        | |  2.6

Action                   || total
-------------------------++-------
Melee: Trident           ||    76
       Bite              ||    13
Armor: Scale mail        ||    17
Dodge: Dodged            ||     9
Block: Kite shield       ||    30

Table legend: (Time is in decaauts)
 A = Elapsed time spent in this place.
 B = Non-inter-level travel time spent in this place.
 C = Inter-level travel time spent in this place.
 D = Time resting spent in this place.
 E = Time spent auto-exploring this place.
 F = Levels seen in this place.
 G = Mean time per level.
                   A        B        C        D        E       F      G
               +--------+--------+--------+--------+--------+-----+--------+
         Total |   1461 |   1398 |     63 |      5 |   1212 |   2 |  730.5 |
       Dungeon |   1461 |   1398 |     63 |      5 |   1212 |   2 |  730.5 |
               +--------+--------+--------+--------+--------+-----+--------+

Top non-repeatable levels by time:
     D:1: 1127 daAuts
     D:2: 334 daAuts
